 Dungeon Crawl Stone Soup version 0.32-a0-899-geb5ba95c15 (webtiles) character file.

Game seed: 4769429192797301413

64222 Ajdolov the Basher (level 14, -2/122 HPs)
             Began as an Armataur Monk on Apr 5, 2024.
             Was the Champion of Okawaru.
             Slain by Rupert
             ... wielding a +2 great sword of venom
              (6 damage)
             ... on level 4 of the Lair of Beasts.
             The game lasted 00:57:08 (29099 turns).

Ajdolov the Basher (Armataur Monk)                 Turns: 29099, Time: 00:57:09

Health: -2/122     AC: 37    Str: 21 (23) XL:     14   Next: 71%
Magic:  0/22       EV:  6    Int: 11 (12) God:    Okawaru [******]
Gold:   1382       SH:  0    Dex: 11 (12) Spells: 13/13 levels left

rFire   . . .        U - +4 lajatang of Youthful Indiscretion {vamp, +Blink rElec}
rCold   + + .        (shield currently unavailable)
rNeg    + + .        o - +0 acid dragon scales
rPois   +            I - +2 helmet "Cumat" {*Corrode rC+ rN+ Str+2}
rElec   +            r - +2 cloak
rCorr   +            W - +0 pair of gloves
SInv    .            T - +10 Black Knight's barding {ponderous, rPois rN+}
Will    +....        p - amulet of guardian spirit Stlth
                     z - ring of protection from cold
HPRegen 0.40/turn    Q - +4 ring of protection
MPRegen 0.18/turn

%: corrode self (3%), guardian spirit, roll
@: confused, lethally poisoned (-2 -> -13), ambrosia-drunk, hasted, very quick
A: large, deformed body, tough skin 3, armoured tail, rollpage 2
a: Renounce Religion, Evoke Blink, Heroism, Finesse, Duel


You were on level 4 of the Lair of Beasts.
You worshipped Okawaru.
Okawaru was exalted by your worship.
You visited 4 branches of the dungeon, and saw 22 of its levels.
You also visited: Sewer and Gauntlet.

You collected 1988 gold pieces.
You spent 606 gold pieces at shops.

Inventory:

Hand Weapons
 U - the +4 lajatang of Youthful Indiscretion (weapon) {vamp, +Blink rElec}
   (Okawaru gifted it to you on level 14 of the Dungeon)

   rElec:     It insulates you from electricity.
   +Blink:    It lets you blink.
Missiles
 v - 19 boomerangs (quivered)
 C - 3 silver javelins
 N - 11 javelins
Armour
 d - an orb of light
 o - +0 acid dragon scales (worn)
 r - a +2 cloak (worn)
 y - a +0 buckler
 I - the +2 helmet "Cumat" (worn) {*Corrode rC+ rN+ Str+2}
   (You found it on level 1 of the Lair of Beasts)

   Str+2:     It affects your strength (+2).
   rC+:       It protects you from cold.
   rN+:       It protects you from negative energy.
   *Corrode:  It may corrode you when you take damage.
 T - the +10 Black Knight's barding (worn) {ponderous, rPois rN+}
   (Okawaru gifted it to you on level 14 of the Dungeon)

   rPois:     It protects you from poison.
   rN+:       It protects you from negative energy.
 W - a +0 pair of gloves (worn)
Jewellery
 p - an amulet of guardian spirit (around neck)
 t - a +6 ring of strength
 z - a ring of protection from cold (left hand)
 D - a ring of see invisible
 E - a ring of protection from cold
 O - a ring of flight
 Q - a +4 ring of protection (right hand)
Wands
 s - a wand of iceblast (5)
 u - a wand of flame (6)
 L - a wand of digging (4)
Scrolls
 a - 6 scrolls of immolation
 e - 6 scrolls of enchant armour
 f - 14 scrolls of teleportation
 g - a scroll of torment
 j - 2 scrolls of enchant weapon
 m - 5 scrolls of revelation
 n - a scroll of vulnerability
 w - a scroll of fear
 B - a scroll of silence
 H - a scroll of fog
 P - a scroll of amnesia
 V - a scroll of noise {unknown}
Potions
 b - 4 potions of magic
 h - a potion of berserk rage {unknown}
 q - 4 potions of enlightenment
 A - 6 potions of mutation
 F - a potion of cancellation {unknown}
 G - a potion of haste
 J - 3 potions of lignification {unknown}
 K - a potion of might {unknown}
 M - a potion of brilliance {unknown}
 S - a potion of invisibility {unknown}


   Skills:
 + Level 10.5 Fighting
 - Level 14.0(14.1) Maces & Flails
 * Level 3.2(9.6) Staves
 - Level 10.0 Throwing
 + Level 11.4 Armour
 - Level 2.1 Dodging
 + Level 10.9 Invocations
 - Level 5.5 Evocations


You had 13 spell levels left.
You didn't know any spells.
Your spell library contained the following spells:

 Spells                   Type           Power      Damage    Failure   Level
 Apportation              Tloc           0%         N/A       38%         1
 Jinxbite                 Hex            0%         N/A       54%         2
 Mercury Vapours          Alch/Air       0%         N/A       54%         2
 Mephitic Cloud           Conj/Alch/Air  0%         N/A       77%         3
 Passwall                 Erth           0%         N/A       77%         3
 Sigil of Binding         Hex            0%         N/A       77%         3
 Volatile Blastmotes      Fire/Tloc      0%         2d10      77%         3
 Vhi's Electric Charge    Tloc/Air       0%         N/A       99%         4
 Alistair's Intoxication  Alch           0%         N/A       100%        5
 Borgnjor's Vile Clutch   Necr/Erth      0%         N/A       100%        5
 Freezing Cloud           Conj/Ice/Air   0%         6-21      100%        5
 Bombard                  Conj/Erth      0%         9d1       100%        6
 Eringya's Noxious Bog    Alch           0%         4d6       100%        6
 Death Channel            Necr           Unusable   N/A       N/A         6
 Sculpt Simulacrum        Ice/Alch       Unusable   N/A       N/A         6

Dungeon Overview and Level Annotations

Branches:
Dungeon (15/15)            Temple (1/1) D:7            Lair (4/5) D:9
  Swamp (0/4) Lair:2        Snake (0/4) Lair:3          Orc (2/2) D:12
    Elf (0/3) Orc:2        Vaults (0/5) D:14         Depths (0/4) D:15
  Sewer (visited)         Gauntlet (visited)
  Slime: Lair:4-5

Altars:
Ashenzari
Cheibriados
Dithmenos
Elyvilon
Fedhas
Gozag
Hepliaklqana
Kikubaaqudgha
Makhleb
Nemelex Xobeh
Okawaru
Qazlal
Ru
Sif Muna
Trog
Uskayaw
Vehumet
Wu Jian
Xom
Yredelemnul
Zin
The Shining One
Beogh

Shops:
D:5 (   D:8 ?   D:9 :   D:10 :   D:11 *   D:15 (:

Annotations:
D:4 1 runed translucent door, Crazy Yiuf
D:15 Roxanne
Lair:2 2 exclusions
Lair:4 Rupert
Orc:2 2 exclusions


Innate Abilities, Weirdness & Mutations

Armour fits poorly on your strangely shaped body.
You have extremely tough skin. (AC +3)
You have a long armoured tail.
You regenerate magic and health when rolling toward enemies. (Rampage Regen)


Message History

Okay, then.
You feel much better.
You feel very sick.
Rupert is engulfed in poison gas.
Rupert looks even sicker.
Rupert hits you with a +2 great sword of venom!
* * * LOW HITPOINT WARNING * * *
Unknown command.
Okay, then.
You feel yourself speed up.
You feel sick.
Rupert looks as sick as possible!
Rupert hits you but does no damage.
Rupert is engulfed in poison gas.
Rupert looks as sick as possible!
Rupert hits you with a +2 great sword of venom.
* * * LOW HITPOINT WARNING * * *
You are more poisoned.
You feel very sick.
Rupert is engulfed in poison gas.
Rupert looks as sick as possible!
You see here a +0 scale mail.
You feel very sick.
Rupert is engulfed in poison gas.
Rupert looks as sick as possible!
You feel sick.
Rupert is engulfed in poison gas.
Rupert looks as sick as possible!
Unknown command.
You feel sick.
Rupert is engulfed in poison gas.
Rupert looks as sick as possible!
Rupert is engulfed in poison gas.
Rupert looks as sick as possible!
Rupert hits you with a +2 great sword of venom!
* * * LOW HITPOINT WARNING * * *
You are more poisoned.
* * * LOW HITPOINT WARNING * * *
You feel very sick.
Rupert is engulfed in poison gas.
Rupert looks as sick as possible!
Unknown command.
Unknown command.
You are confused.
You feel invigorated.
* * * LOW HITPOINT WARNING * * *
You feel very sick.
Rupert hits you with a +2 great sword of venom!
You die...
Rupert roars with triumph.

#.. ##.....### ....#
#.....#.##
....###.....##.#
.....#......####
...........#.#
#........○†.##
#........○§§#########
#........§°°§.#.##..###
..
...####..☼§§§☼.@@.....#
#... ...#
##.°○§§§○.......###.....#
...##
##°☼§○°☼§......P..#....#
....#
##§°§☼○#☼..#P.....#...##
...##
#....#####.....###....#
..##
##....#####..........##
..#
###...#.##...........#
### ###
#..!.#####........# ###
##.###....## ##........#


You could see Rupert (berserk, extremely poisoned).

Vanquished Creatures
  Gastronok (Lair:3)
  A fire dragon (Lair:4)
  A quicksilver dragon zombie (D:15)
  2 hydras
  5 centaur warriors
  A catoblepas (Lair:1)
  4 vault guards (D:14)
  3 boulder beetles
  5 two-headed ogres
  A skyshark (Lair:4)
  A storm dragon zombie (D:15)
  2 skeletal warriors (D:15)
  A flayed ghost (D:15)
  A spark wasp zombie (D:15)
  A lindwurm (Lair:4)
  A necromancer (D:15)
  Pikel (D:5)
  2 orc knights
  2 deep elf pyromancers
  3 cyclopes
  Maurice (D:8)
  2 orc sorcerers
  5 manticores
  7 ugly things
  5 black mambas
  4 kobold blastminers
  4 gargoyles
  10 cane toads
  A yaktaur (D:14)
  2 unseen horrors
  7 komodo dragons
  6 rime drakes
  2 freezing wraiths (D:15)
  An efreet (D:15)
  3 tengu conjurers
  7 trolls
  3 red devils (Orc:2)
  A polar bear (Lair:1)
  Grinder (D:3)
  7 dream sheep (Lair:4)
  A raiju (shapeshifter) (D:15)
  7 blink frogs
  8 slime creatures
  8 wyverns
  4 wraiths
  25 yaks
  2 shadows
  A vampire (D:11)
  3 basilisks
  2 wargs
  8 steam dragons
  6 vampire mosquitoes (D:13)
  2 acid dragons
  A naga (Lair:3)
  12 water moccasins
  13 orc warriors
  A sky beast (D:6)
  4 ice beasts
  4 ogres
  3 black bears
  5 boggarts (D:10)
  13 centaurs
  11 wolves
  2 phantoms (D:12)
  6 kobold brigands
  9 bullfrogs
  2 scorpions
  A gnoll sergeant (D:9)
  5 troll zombies (D:12)
  6 killer bees (D:8)
  10 electric eels
  14 howler monkeys
  A bombardier beetle (D:4)
  3 hounds
  A jelly (D:7)
  2 sleepcaps
  9 orc priests
  2 gnoll boudas
  Natasha (thrice) (D:4)
  5 iguanas
  8 orc wizards
  3 ogre zombies (D:12)
  7 gnolls
  3 river rats
  10 adders
  2 ufetubi (D:7)
  4 ribbon worms
  4 dart slugs
  44 orcs
  4 ball pythons
  11 endoplasms
  4 giant cockroaches
  5 gnoll zombies (D:12)
  6 goblins
  5 hobgoblins
  3 jackals (D:1)
  32 kobolds
  4 quokkas
  7 bats
  A frilled lizard (D:2)
  A gnoll skeleton (D:12)
  4 orc skeletons (D:12)
  14 orc zombies (D:12)
  6 rats
535 creatures vanquished.

Vanquished Creatures (collateral kills)
  A gnoll (D:5)
1 creature vanquished.

Vanquished Creatures (others)
  A lemure (D:5)
1 creature vanquished.

Grand Total: 537 creatures vanquished

Notes
Turn   | Place    | Note
-------+----------+-------------------------------------------
     0 | D:1      | Ajdolov the Armataur Monk began the quest for the Orb.
     0 | D:1      | Reached XP level 1. HP: 18/18 MP: 1/1
    38 | D:1      | Reached skill level 3 in Maces & Flails
    38 | D:1      | Reached XP level 2. HP: 19/26 MP: 2/2
   854 | D:2      | Reached XP level 3. HP: 31/31 MP: 3/3
  1537 | D:3      | Noticed Grinder
  1691 | D:4      | Reached XP level 4. HP: 31/40 MP: 2/4
  1740 | D:4      | Reached skill level 4 in Maces & Flails
  1814 | D:4      | Reached XP level 5. HP: 46/46 MP: 5/5
  2086 | D:4      | Found a glowing golden altar of the Shining One.
  2149 | D:4      | Became a worshipper of the Shining One
  2149 | D:4      | Reached * piety under the Shining One
  2149 | D:4      | Reached ** piety under the Shining One
  2256 | D:4      | Reached skill level 1 in Evocations
  2298 | D:4      | Noticed Natasha
  2302 | D:4      | Killed Natasha
  2333 | D:4      | Found a runed translucent door.
  2334 | D:4      | Noticed Crazy Yiuf
  2437 | D:4      | Noticed Natasha
  2444 | D:4      | Killed Natasha
  2445 | D:4      | Reached XP level 6. HP: 51/53 MP: 6/6
  2472 | D:4      | Noticed Natasha
  2479 | D:4      | Killed Natasha
  2742 | D:5      | Entered Level 5 of the Dungeon
  3009 | D:5      | Found a stormy altar of Qazlal.
  3086 | D:5      | Found Idevit's Weapon Emporium.
  3095 | D:5      | Noticed an ice beast
  3102 | D:5      | Killed an ice beast
  3103 | D:5      | Reached skill level 5 in Fighting
  3103 | D:5      | Reached skill level 5 in Maces & Flails
  3246 | D:5      | Bought 2 throwing nets for 72 gold pieces
  3349 | D:5      | Gained mutation: You regenerate magic and health when
                  | rolling toward enemies. (Rampage Regen) [Armataur growth]
  3349 | D:5      | Reached XP level 7. HP: 50/61 MP: 7/7
  3690 | D:5      | Noticed Pikel
  3692 | D:5      | Found a bloodstained altar of Trog.
  3892 | D:3      | You fall into a shaft and drop 1 floor!
  4574 | D:3      | Paralysed by Grinder for 5 turns
  4585 | D:3      | Paralysed by Grinder for 4 turns
  4592 | D:3      | Killed Grinder
  4593 | D:3      | Reached skill level 6 in Maces & Flails
  4593 | D:3      | Reached XP level 8. HP: 42/70 MP: 6/8
  4996 | D:5      | Killed Pikel
  4997 | D:5      | Reached skill level 5 in Evocations
  5272 | D:6      | Reached skill level 7 in Maces & Flails
  5616 | D:6      | Found a glowing drain.
  5620 | Sewer    | Entered a sewer
  5698 | Sewer    | Reached XP level 9. HP: 79/79 MP: 9/9
  6537 | D:7      | Found a staircase to the Ecumenical Temple.
  6548 | Temple   | Entered the Ecumenical Temple
  6586 | Temple   | Fell from the grace of the Shining One
  6586 | Temple   | Became a worshipper of Warmaster Okawaru
  7318 | D:7      | Reached skill level 8 in Maces & Flails
  7321 | D:7      | Reached skill level 1 in Invocations
  7609 | D:8      | Found a broken altar of Ashenzari.
  7619 | D:8      | Noticed Maurice
  7643 | D:7      | Reached * piety under Okawaru
  7853 | D:8      | Maurice stole 95 gold
  7859 | D:8      | Maurice stole 9 boomerangs
  7861 | D:8      | Maurice stole a +6 ring of dexterity
  7862 | D:8      | Maurice stole 139 gold
  7863 | D:8      | Killed Maurice
  8357 | D:8      | Reached ** piety under Okawaru
  8473 | D:8      | Reached XP level 10. HP: 56/90 MP: 6/12
  8657 | D:8      | Found a glowing silver altar of Zin.
  8682 | D:8      | Noticed a two-headed ogre
  8697 | D:8      | Killed a two-headed ogre
  8698 | D:8      | Reached skill level 9 in Maces & Flails
  8835 | D:8      | Found Soame's Magic Scroll Emporium.
  8841 | D:8      | Bought 2 scrolls of teleportation for 90 gold pieces
  8841 | D:8      | Bought a scroll of identify for 30 gold pieces
  8841 | D:8      | Bought a scroll of identify for 30 gold pieces
  9029 | D:8      | Found a shimmering blue altar of Sif Muna.
  9146 | D:9      | Noticed a two-headed ogre
  9160 | D:9      | Killed a two-headed ogre
  9160 | D:9      | Reached *** piety under Okawaru
  9161 | D:9      | Reached skill level 5 in Invocations
  9260 | D:9      | Found Syoxowoi's Book Emporium.
  9316 | D:9      | Found a staircase to the Lair.
  9413 | D:9      | Reached **** piety under Okawaru
  9986 | D:9      | Found an ornate altar of the Wu Jian Council.
 10385 | D:10     | Entered Level 10 of the Dungeon
 10403 | D:10     | Found Ocwech's Self-Published Books.
 10554 | D:10     | Noticed a two-headed ogre
 10579 | D:10     | Killed a two-headed ogre
 10580 | D:10     | Reached skill level 10 in Fighting
 10580 | D:10     | Reached skill level 10 in Maces & Flails
 10714 | D:10     | Reached XP level 11. HP: 59/99 MP: 13/16
 11027 | D:10     | Noticed a two-headed ogre
 11752 | D:10     | Reached ***** piety under Okawaru
 11942 | D:11     | Noticed a boulder beetle
 11986 | Lair:1   | Entered Level 1 of the Lair of Beasts
 12122 | Lair:1   | Noticed a boulder beetle
 12180 | Lair:1   | Killed a boulder beetle
 12389 | Lair:1   | Received a gift from Okawaru
 12491 | Lair:1   | Identified the +2 helmet "Cumat" {*Corrode rC+ rN+ Str+2}
 12651 | Lair:1   | Noticed a catoblepas
 12838 | Lair:1   | Killed a catoblepas
 13310 | Lair:1   | Reached skill level 10 in Invocations
 13558 | Lair:1   | Reached skill level 11 in Maces & Flails
 13848 | Lair:2   | Found a staircase to the Swamp.
 14334 | Lair:2   | Reached skill level 1 in Throwing
 14334 | Lair:2   | Reached XP level 12. HP: 61/106 MP: 13/19
 14468 | Lair:2   | Received a gift from Okawaru
 14847 | Lair:1   | Reached skill level 12 in Maces & Flails
 15217 | Lair:2   | Noticed a boulder beetle
 15717 | Lair:1   | Killed a boulder beetle
 16275 | Lair:2   | Reached skill level 5 in Throwing
 17072 | Lair:3   | Found a gate leading to a gauntlet.
 17093 | Gauntlet | Entered a Gauntlet
 17093 | Gauntlet | Found a transporter.
 17093 | Gauntlet | Found a transporter.
 17158 | Gauntlet | Found a transporter.
 17161 | Gauntlet | Found a transporter.
 17161 | Gauntlet | Found a transporter.
 17171 | Gauntlet | Found a transporter.
 17175 | Gauntlet | Found a transporter.
 17177 | Gauntlet | Found a large runed translucent door.
 17178 | Gauntlet | Found a large runed translucent door.
 17179 | Gauntlet | Found a large runed translucent door.
 17179 | Gauntlet | Found a large runed translucent door.
 17179 | Gauntlet | Found a runed translucent door.
 17180 | Gauntlet | Found a large runed translucent door.
 17181 | Gauntlet | Found a large runed translucent door.
 17182 | Gauntlet | Found a large runed translucent door.
 17182 | Gauntlet | Found a large runed translucent door.
 17183 | Gauntlet | Found a runed translucent gate.
 17183 | Gauntlet | Noticed a ghost crab
 17185 | Gauntlet | Found a transporter.
 17274 | Gauntlet | Found a transporter.
 17290 | Gauntlet | Found a transporter.
 17292 | Gauntlet | Found a transporter.
 17294 | Gauntlet | Found a large runed translucent door.
 17295 | Gauntlet | Found a large runed translucent door.
 17296 | Gauntlet | Found a large runed translucent door.
 17296 | Gauntlet | Found a large runed translucent door.
 17296 | Gauntlet | Found a runed translucent door.
 17297 | Gauntlet | Found a large runed translucent door.
 17298 | Gauntlet | Found a large runed translucent door.
 17299 | Gauntlet | Found a large runed translucent door.
 17299 | Gauntlet | Found a large runed translucent door.
 17300 | Gauntlet | Found a runed translucent gate.
 17300 | Gauntlet | Found a runed translucent gate.
 17302 | Gauntlet | Found a transporter.
 17483 | Lair:3   | Reached skill level 13 in Maces & Flails
 17628 | Lair:3   | Received a gift from Okawaru
 17796 | Lair:3   | Found a staircase to the Snake Pit.
 17991 | Lair:3   | Noticed Gastronok
 18196 | Lair:3   | Killed Gastronok
 19100 | Lair:4   | Reached XP level 13. HP: 88/113 MP: 16/20
 19199 | Lair:4   | Noticed Rupert
 19202 | Lair:4   | Received a gift from Okawaru
 19207 | Lair:4   | Paralysed by Rupert for 3 turns
 20770 | D:11     | Found Byxavump's Assorted Antiques.
 20778 | D:11     | Bought a scroll labelled GUVVACS JADY for 32 gold pieces
 20778 | D:11     | Bought a runed opal ring for 160 gold pieces
 20778 | D:11     | Bought a scroll of teleportation for 96 gold pieces
 20778 | D:11     | Bought a scroll of teleportation for 96 gold pieces
 20799 | D:11     | Found an ornate altar of the Wu Jian Council.
 21061 | D:12     | Reached skill level 1 in Armour
 21120 | D:12     | Reached skill level 14 in Maces & Flails
 21424 | D:12     | Found a staircase to the Orcish Mines.
 22027 | Orc:1    | Entered Level 1 of the Orcish Mines
 22109 | Orc:2    | Entered Level 2 of the Orcish Mines
 22348 | Arena    | Entered the Arena
 22513 | Orc:1    | Reached skill level 5 in Armour
 23078 | Orc:2    | Found a roughly hewn altar of Beogh.
 23967 | D:13     | Received a gift from Okawaru
 24834 | D:13     | Received a gift from Okawaru
 24835 | D:13     | Reached skill level 10 in Throwing
 24984 | D:14     | Reached XP level 14. HP: 112/121 MP: 21/21
 26171 | D:14     | Reached skill level 10 in Armour
 26332 | D:14     | Found a gate to the Vaults.
 26379 | D:15     | Entered Level 15 of the Dungeon
 26413 | D:15     | Noticed Roxanne
 26704 | D:15     | Received a gift from Okawaru
 27004 | D:15     | Found a hazy altar of Hepliaklqana.
 27390 | D:15     | Reached ****** piety under Okawaru
 27482 | D:14     | Acquired the +4 lajatang of Youthful Indiscretion {vamp,
                  | +Blink rElec}
 27482 | D:14     | Received a gift from Okawaru
 27486 | D:14     | Acquired the +10 Black Knight's barding {ponderous, rPois
                  | rN+}
 27486 | D:14     | Received a gift from Okawaru
 27486 | D:14     | Found the +10 Black Knight's barding {ponderous, rPois rN+}
 27686 | D:15     | Reached skill level 1 in Staves
 27746 | D:15     | Found a staircase to the Depths.
 28069 | D:15     | Found Haips's Book Shoppe.
 28093 | D:15     | Found Yzosh's Weapon Shoppe.
 28694 | Lair:4   | Received a gift from Okawaru
 28855 | Lair:4   | HP: 4/122 [dream sheep (25)]
 29098 | Lair:4   | HP: 4/122 [poisoned by Rupert]
 29099 | Lair:4   | Slain by Rupert

Illustrated notes

Levels and vault maps discovered:
D:1:      sevenhm_arrival_forest_fort_small_6, layout_basic
D:2:      layout_loops_ring
D:3:      layout_basic, grunt_ministairs_12, minmay_misc_feat_square,
          dreamdust_princess_corridor, uniq_grinder
D:4:      layout_basic, kennysheep_mini_moat, uniq_crazy_yiuf_cottage,
          uniq_natasha
D:5:      layout_loops_ring, trog_ov_bears_minmay,
          nicolae_qazlal_scattered_showers, serial_shops,
          nicolae_shop_statue_plus, uniq_pikel
D:6:      layout_rooms, gup_sewer_entry_spiral, corexii_item_surrounded_by_moat
D:7:      layout_basic, minmay_temple_entry_hall, eino_tiny_chamber,
          hangedman_decor_riveting, nicolae_kite_square_tiling_tiny
D:8:      layout_basic, mainiacjoe_overflow_large_starburst,
          mainiacjoe_overflow_chevrons, serial_shops, shop, kennysheep_boxes,
          uniq_maurice
D:9:      layout_roguey, mainiacjoe_overflow_small_starburst,
          hellmonk_lair_entry_icy, serial_shops, shop, kennysheep_dice
D:10:     layout_long_grid, nicolae_custom_books
D:11:     minmay_recursive_quarters, layout_rooms, serial_shops, shop,
          pdpol_wu_jian_five_deadly_venoms
D:12:     layout_grid_maze, zombieorc2_lemuel, st_stairs_14
D:13:     layout_roguey
D:14:     layout_irregular_city, grunt_vaults_entry_fortified,
          grunt_decor_junction
D:15:     gammafunk_depths_entry_grave, layout_loops_ring,
          nicolae_hepliaklqana_hazy_memory, serial_shops, shop, shop,
          uniq_roxanne
Temple:   regret_index_temple_waves
Lair:1:   layout_long_grid, hibernation_bobbens
Lair:2:   nzn_winding_woodlands_medium [nzn_winding_woodlands_5x5_open_star,
          nzn_winding_woodlands_5x15_river_crossing,
          nzn_winding_woodlands_5x5_closed_star,
          nzn_winding_woodlands_5x5_perimeter,
          nzn_winding_woodlands_center_diamonds,
          nzn_winding_woodlands_5x5_checkerboard,
          nzn_winding_woodlands_5x5_three,
          nzn_winding_woodlands_5x15_lazy_stream,
          nzn_winding_woodlands_5x5_cross], layout_cave_shapes,
          minmay_swamp_entry_reptiles, lemuel_fruit_tree
Lair:3:   layout_cellular_growth, guppyfry_snake_entry_garden,
          gauntlet_entry_generic, beast_lair_carwin_10, uniq_gastronok
Lair:4:   layout_cellular_growth, bobbens_dragon_lair_wall, uniq_rupert
Orc:1:    layout_diamond_mine, nicolae_orc_lava_room
Orc:2:    st_orc_open, layout_caves, basic_altar,
          einodemon_armed_red_devil_minivault

Skill      XL: |  1  2  3  4  5  6  7  8  9 10 11 12 13 14 |
---------------+-------------------------------------------+-----
Fighting       | 3 4 5 6 7 8 10 | 10.5
Maces & Flails | 3 4 5 6 7 8 10 11 13 14 | 14.0
Evocations     | 1 2 4 5 |  5.5
Invocations    | 3 6 10 | 10.9
Throwing       | 1 6 10 | 10.0
Armour         | 8 11 | 11.4
Staves         | 3 |  3.2
Dodging        | |  2.1

Action                     |  1- 3 |  4- 6 |  7- 9 | 10-12 | 13-15 || total
---------------------------+-------+-------+-------+-------+-------++-------
  Melee: Mace              |    91 |   125 |   112 |       |       ||   328
         Tailslap          |     8 |    21 |    66 |   251 |   338 ||   684
         Whip              |       |       |   279 |  1026 |   733 ||  2038
         Flail             |       |       |       |       |   167 ||   167
         Morningstar       |       |       |       |       |   216 ||   216
         Lajatang          |       |       |       |       |   152 ||   152
         Unarmed           |       |       |       |       |    59 ||    59
  Throw: Throwing net      |       |       |     1 |     3 |     1 ||     5
         Dart              |       |       |       |    13 |     1 ||    14
         Boomerang         |       |       |       |    24 |     1 ||    25
 Invoke: Heroism           |       |       |       |     5 |     2 ||     7
         Finesse           |       |       |       |     3 |       ||     3
         Duel              |       |       |       |       |     1 ||     1
         Receive Weapon    |       |       |       |       |     1 ||     1
         Receive Armour    |       |       |       |       |     1 ||     1
  Evoke: Wand              |       |     6 |    19 |    41 |    20 ||    86
    Use: Scroll            |       |       |    12 |     9 |    11 ||    32
         Potion            |       |       |       |     3 |     8 ||    11
   Stab: Held in net/web   |       |       |       |     1 |     2 ||     3
 Armour: Robe              |     9 |       |       |       |       ||     9
         Leather armour    |    28 |       |       |       |       ||    28
         Ring mail         |    33 |   105 |   287 |   140 |       ||   565
         Acid dragon scale |       |       |       |   438 |  1346 ||  1784
  Dodge: Dodged            |    30 |    47 |   123 |   241 |   416 ||   857

Table legend: (Time is in decaauts)
 A = Elapsed time spent in this place.
 B = Non-inter-level travel time spent in this place.
 C = Inter-level travel time spent in this place.
 D = Time resting spent in this place.
 E = Time spent auto-exploring this place.
 F = Levels seen in this place.
 G = Mean time per level.
                   A        B        C        D        E       F      G
               +--------+--------+--------+--------+--------+-----+--------+
         Total |  28295 |  26617 |   1678 |   4298 |  16308 |  25 | 1131.8 |
       Dungeon |  18853 |  17829 |   1024 |   2360 |  11688 |  15 | 1256.9 |
        Temple |     76 |      7 |     69 |      0 |      0 |   1 |   76.0 |
          Lair |   7142 |   6678 |    464 |   1918 |   3104 |   4 | 1785.5 |
  Orcish Mines |   1620 |   1500 |    120 |     20 |   1166 |   2 |  810.0 |
         Sewer |    251 |    251 |      0 |      0 |    152 |   1 |  251.0 |
      Gauntlet |    336 |    336 |      0 |      0 |    197 |   1 |  336.0 |
         Arena |     13 |     13 |      0 |      0 |      0 |   1 |   13.0 |
               +--------+--------+--------+--------+--------+-----+--------+

Top non-repeatable levels by time:
  Lair:1: 3092 daAuts
    D:15: 1739 daAuts
     D:4: 1690 daAuts
     D:9: 1660 daAuts
    D:10: 1610 daAuts
    D:14: 1517 daAuts
  Lair:4: 1425 daAuts
  Lair:3: 1318 daAuts
  Lair:2: 1306 daAuts
     D:8: 1305 daAuts
     D:7: 1267 daAuts
    D:13: 1255 daAuts
     D:5: 1196 daAuts
    D:11: 1176 daAuts
    D:12: 1103 daAuts
